 Dungeon Crawl Stone Soup version 0.17-a0-1564-g7b572aa (webtiles) character file.

427 urechis the Grappler (level 6, -5/59 HPs)
             Began as a Troll Monk on July 21, 2015.
             Slain by cireshan's ghost (8 damage)
             ... on level 5 of the Dungeon.
             The game lasted 00:03:54 (2737 turns).

urechis the Grappler (Troll Monk)                   Turns: 2737, Time: 00:03:55

Health: -5/59      AC:  6    Str: 22    XL:     6   Next: 65%
Magic:  5/5        EV: 10    Int:  6    God:
Gold:   294        SH:  0    Dex: 12    Spells: 0 memorised, 5 levels left

rFire  . . .     SeeInvis .       - Unarmed
rCold  . . .     Clarity  .     a - +0 robe
rNeg   . . .     SustAt   .     (no shield)
rPois  .         Gourm    +     (helmet restricted)
rElec  .         Spirit   .     v - +0 cloak
rCorr  .         Warding  .     (gloves unavailable)
rMut   .         Stasis   .     (boots unavailable)
MR     .....                    (no amulet)
Stlth  +.........               (no ring)
                                (no ring)

@: very slightly contaminated, hasted, very quick, not resistant to hostile
enchantments, very unstealthy
A: unfitting armour, claws 3, fast metabolism 3, gourmand, regeneration 2,
shaggy fur 1, tough skin 2
a: no special abilities


You were on level 5 of the Dungeon.
You were very full.

You visited 2 branches of the dungeon, and saw 6 of its levels.

You collected 294 gold pieces.

Inventory:

Missiles
 w - 11 poisoned needles
Armour
 a - a +0 robe (worn)
 v - a +0 cloak (worn)
Jewellery
 f - an uncursed ring of stealth {unknown}
 s - an uncursed ring of wizardry {unknown}
Scrolls
 c - 2 scrolls of teleportation {unknown}
 e - a scroll of magic mapping {unknown}
 j - 2 scrolls of blinking {unknown}
 k - 3 scrolls of immolation {unknown}
 l - 2 scrolls of enchant weapon {unknown}
 o - 7 scrolls of identify {unknown}
 r - a scroll of random uselessness {unknown}
 u - 2 scrolls of fog {unknown}
 y - a scroll of vulnerability {unknown}
Potions
 g - a potion of invisibility {unknown}
 h - a potion of haste
 i - a potion of cure mutation
 m - a potion of poison {unknown}
 n - a potion of curing {unknown}
 p - 2 potions of brilliance {unknown}
 q - 2 potions of lignification {unknown}
 t - a potion of magic {unknown}
 x - a potion of flight {unknown}
 A - a potion of heal wounds {unknown}
Comestibles
 b - 4 bread rations
 d - 3 slices of pizza
 z - a beef jerky


   Skills:
 - Level 2.4 Fighting
 - Level 2.4 Dodging
 - Level 1.1 Stealth
 + Level 8.1 Unarmed Combat


You had 5 spell levels left.
You didn't know any spells.

Dungeon Overview and Level Annotations

Branches:
Dungeon (5/15)             Temple (1/1) D:4

Altars:
Ashenzari
Cheibriados
Dithmenos
Elyvilon
Kikubaaqudgha
Makhleb
Nemelex Xobeh
Okawaru
Trog
Vehumet
Xom
Yredelemnul
Zin
The Shining One

Annotations:
D:5 cireshan's ghost, experienced DECj


Innate Abilities, Weirdness & Mutations

You are too large for most types of armour.
You have claws for hands.
Your metabolism is lightning-fast.
You like to eat raw meat.
You heal very quickly.
You are covered in fur (AC +1).
You have very tough skin (AC +2).


Message History

You scratch cireshan's ghost but do no damage.
Cireshan's ghost is severely damaged.
You completely miss cireshan's ghost.
Cireshan's ghost is severely damaged.
Cireshan's ghost hits you but does no damage.
You scratch cireshan's ghost.
Cireshan's ghost is severely damaged.
You claw cireshan's ghost!
Cireshan's ghost is almost destroyed.
Cireshan's ghost hits you.
* * * LOW HITPOINT WARNING * * *
x2 You barely miss cireshan's ghost.
Cireshan's ghost is almost destroyed.
You barely miss cireshan's ghost.
Cireshan's ghost is almost destroyed.
Cireshan's ghost hits you but does no damage.
You barely miss cireshan's ghost.
Cireshan's ghost is almost destroyed.
Cireshan's ghost hits you!
You die...

#... #...
####...
##########......
#...............
#.####...#......
### #.#
#..........
#...###.#
#...####...
#.*.W@..# ##.##
#... #...#####
#.# #... ##. #.#
#.## # #.# #.#
#.# #.# ### ###
## #8 ...Z# #(


You could see cireshan's ghost.

Vanquished Creatures
  A phantom (D:5)
  A giant frog (D:4)
  2 hounds (D:4)
  An orc priest (D:5)
  Terence (D:2)
  A worker ant (D:5)
  An iguana (D:5)
  5 adders
  An adder skeleton (D:4)
  2 giant geckos (D:2)
  7 orcs
  A bat zombie (D:5)
  3 hobgoblins (D:2)
  3 jackals (D:1)
  A quokka (D:2)
  A ball python (D:4)
  13 bats
  A giant newt (D:2)
  6 goblins
  A jackal skeleton (D:4)
  6 kobolds
  10 rats
69 creatures vanquished.

Notes
Turn   | Place    | Note
--------------------------------------------------------------
     0 | D:1      | urechis the Troll Monk began the quest for the Orb.
     0 | D:1      | Reached XP level 1. HP: 22/22 MP: 0/0
   212 | D:1      | Reached XP level 2. HP: 26/29 MP: 1/1
   669 | D:2      | Noticed Terence
   675 | D:2      | Killed Terence
   675 | D:2      | Reached skill level 5 in Unarmed Combat
   675 | D:2      | Reached XP level 3. HP: 34/36 MP: 2/2
   921 | D:2      | Reached XP level 4. HP: 42/44 MP: 3/3
  1241 | D:2      | Found a bloodstained altar of Trog.
  1411 | D:3      | Found a basalt altar of Yredelemnul.
  1790 | D:3      | Reached skill level 6 in Unarmed Combat
  2044 | D:4      | Reached XP level 5. HP: 47/50 MP: 4/4
  2188 | D:4      | Noticed a giant frog
  2196 | D:4      | Killed a giant frog
  2196 | D:4      | Reached skill level 7 in Unarmed Combat
  2385 | D:4      | Found a staircase to the Ecumenical Temple.
  2394 | Temple   | Entered the Ecumenical Temple
  2528 | D:5      | Entered Level 5 of the Dungeon
  2537 | D:5      | Reached XP level 6. HP: 31/59 MP: 5/5
  2667 | D:5      | Noticed a phantom
  2682 | D:5      | Killed a phantom
  2682 | D:5      | Reached skill level 8 in Unarmed Combat
  2715 | D:5      | Noticed cireshan's ghost (experienced DECj)
  2728 | D:5      | HP: 2/59 [cireshan's ghost (8)]
  2734 | D:5      | HP: 2/59 [cireshan's ghost (1)]
  2737 | D:5      | Slain by cireshan's ghost

Vault maps used:
D:1:      dpeg_arrival_renting
D:2:      lemuel_coloured_pillars_altar, first_bread, uniq_terence
D:3:      old_standard_altar, serial_bayou_pond_e
D:4:      temple_statues
D:5:      wad_river_or_something, fedhas_altar_1, st_stairs_3,
          hangedman_feature_mirror
Temple:   circular_temple_pool_12

Action                   |  1- 3 |  4- 6 || total
-------------------------+-------+-------++-------
Melee: Unarmed           |    59 |   129 ||   188
  Use: Potion            |       |     2 ||     2
 Stab: Sleeping          |     2 |     2 ||     4
  Eat: Chunk             |    11 |    18 ||    29
